 Dungeon Crawl Stone Soup version 0.22-a0-570-g58866f5 (webtiles) character file.

141 royokou the Conjurer (level 5, -12/28 HPs)
             Began as a Deep Elf Conjurer on July 1, 2018.
             Mangled by an orc warrior
             ... wielding a +0 mace
              (19 damage)
             ... on level 3 of the Dungeon.
             The game lasted 00:09:22 (2419 turns).

royokou the Conjurer (Deep Elf Conjurer)            Turns: 2419, Time: 00:09:22

Health: -12/28     AC:  2    Str:  5    XL:     5   Next: 3%
Magic:  0/13       EV: 13    Int: 21    God:
Gold:   81         SH:  0    Dex: 15    Spells: 7/13 levels left

rFire    . . .     SeeInvis .   j - +0 short sword
rCold    . . .     Gourm    .   (no shield)
rNeg     + . .     Faith    .   a - +0 robe
rPois    +         Spirit   .   (no helmet)
rElec    .         Reflect  .   (no cloak)
rCorr    .         Harm     +   (no gloves)
MR       .....                  (no boots)
Stlth    ++........             b - amulet of harm
HPRegen  0.09/turn              q - ring of positive energy
MPRegen  0.13/turn              m - ring of poison resistance

@: no status effects
A: no striking features
a: no special abilities


You were on level 3 of the Dungeon.
You were hungry.

You visited 1 branch of the dungeon, and saw 3 of its levels.

You collected 81 gold pieces.

Inventory:

Hand Weapons
 d - a +0 club
 j - a +0 short sword (weapon)
Armour
 a - a +0 robe (worn)
 i - a +0 leather armour
Jewellery
 b - an amulet of harm (around neck)
 m - a ring of poison resistance (right hand)
 q - a ring of positive energy (left hand)
Scrolls
 l - 2 scrolls of remove curse
 o - a scroll of teleportation {unknown}
Potions
 e - 2 potions of curing {unknown}
 f - 2 potions of lignification {unknown}
 g - a potion of resistance {unknown}
 h - a potion of cancellation {unknown}
 k - a potion of ambrosia {unknown}
 n - a potion of heal wounds {unknown}
 p - a potion of mutation {unknown}
Comestibles
 c - 4 rations


   Skills:
 - Level 2.5 Dodging
 - Level 2.4 Stealth
 + Level 4.5 Spellcasting
 * Level 6.3 Conjurations


You had 7 spell levels left.
You knew the following spells:

 Your Spells              Type           Power        Failure   Level  Hunger
a - Magic Dart            Conj           ####         1%          1    None
b - Searing Ray           Conj           ####..       1%          2    #......
c - Dazzling Spray        Conj/Hex       ###...       10%         3    ##.....

Your spell library contained the following spells:

 Spells                   Type           Power        Failure   Level  Hunger
 Iskenderun's Mystic Bla  Conj           ####....     9%          4    ####...
 Fulminant Prism          Conj/Hex       ###.......   30%         4    ####...
 Force Lance              Conj/Tloc      ###.....     30%         4    ####...


Dungeon Overview and Level Annotations

Branches:
Dungeon (3/15)

Altars:
Ashenzari


Message History

The orc warrior is lightly wounded. (Press . to maintain the ray.)
The searing ray misses the orc warrior.
The searing ray hits the orc warrior.
The orc warrior is severely wounded.
The orc warrior hits you with a mace!
Ouch! That really hurt!
Without enough magic to sustain it, your searing ray dissipates.
The orc warrior hits you with a mace.
* * * LOW HITPOINT WARNING * * *
Casting: Searing Ray (safe; 1% risk of failure)
Confirm with . or Enter, or press ? or * to list all spells.
Aiming: Magic Dart (safe; 1% risk of failure)
Press: ? - help, Shift-Dir - straight line, f/p - orc warrior
Aim: an orc warrior, wielding a mace and wearing a chain mail (severely wounded)
The magic dart hits the orc warrior.
The orc warrior is severely wounded.
The orc warrior hits you with a mace!
Ouch! That really hurt!
You die...

#......####.........
....o...##o........
.......#.......#.###..# #
#..#..........#......##
..##.#..#..................
..........##..#####.#..... .
........#####...........##.#
#.........# ##..###........#
#......##.# ##.@o##....#..#
##..... #.## ###...........
#..... #..## #########...
#..... ##.)### ####. .......
##...##..... .#.#..#
#.......# ......##...##
....## ##..# ##+# ##.#


You could see an orc warrior.

Vanquished Creatures
  6 adders (D:2)
  2 worms (D:2)
  3 dart slugs
  4 leopard geckos
  5 orcs (D:3)
  3 giant cockroaches (D:2)
  4 goblins (D:1)
  7 hobgoblins
  4 jackals (D:2)
  A quokka (D:2)
  A ball python (D:2)
  5 bats
  3 frilled lizards
  9 kobolds
  11 rats
68 creatures vanquished.

Vanquished Creatures (others)
  A plant (D:1)
1 creature vanquished.

Grand Total: 69 creatures vanquished

Notes
Turn   | Place    | Note
-------+----------+-------------------------------------------
     0 | D:1      | royokou the Deep Elf Conjurer began the quest for the Orb.
     0 | D:1      | Reached XP level 1. HP: 10/10 MP: 6/6
   237 | D:1      | Reached XP level 2. HP: 15/15 MP: 2/8
   377 | D:1      | Reached skill level 5 in Conjurations
   412 | D:1      | Learned a level 2 spell: Searing Ray
   743 | D:1      | Reached XP level 3. HP: 19/19 MP: 6/10
  1066 | D:1      | Learned a level 3 spell: Dazzling Spray
  1501 | D:2      | Reached XP level 4. HP: 24/24 MP: 7/12
  1783 | D:2      | Reached skill level 6 in Conjurations
  1867 | D:2      | Found a shattered altar of Ashenzari.
  2384 | D:3      | Reached XP level 5. HP: 28/28 MP: 6/13
  2395 | D:3      | Noticed an orc warrior
  2419 | D:3      | Mangled by an orc warrior

Vault maps used:
D:1:      tarquinn_simple_flora_water_a, wad_floor_pattern_1,
          palyth_stone_intersect, lexackson_kobold_supper
D:2:      kennysheep_six_static_rooms, evilmike_ruin_ashenzari
D:3:      grunt_ministairs_8

Skill      XL: |  1  2  3  4 |
---------------+-------------+-----
Conjurations   | 5 6 |  6.3
Spellcasting   | 4 |  4.5
Dodging        | |  2.5
Stealth        | |  2.4

Action                   |  1- 3 |  4- 6 || total
-------------------------+-------+-------++-------
Melee: Club              |     8 |       ||     8
       Short sword       |     3 |       ||     3
 Cast: Magic Dart        |    63 |    33 ||    96
       Searing Ray       |     6 |     9 ||    15
  Use: Scroll            |     2 |     1 ||     3
  Eat: Chunk             |     2 |     2 ||     4
Armor: Robe              |     7 |       ||     7
Dodge: Dodged            |    30 |     2 ||    32

Table legend:
 A = Spawn XP
 B = Non-spawn XP
 C = Spawn XP percentage of total XP
 D = Spawn monster count
 E = Non-spawn monster count
 F = Spawn count percentage of total count
 G = Total turns spent on level
                    A         B        C        D         E        F      G
               +---------+---------+-------+---------+---------+-------+---------
         Total |       0 |     202 |   0.0 |       0 |      68 |   0.0 |  2419
               +---------+---------+-------+---------+---------+-------+---------
           D:1 |       0 |      56 |   0.0 |       0 |      32 |   0.0 |  1103
           D:2 |       0 |     123 |   0.0 |       0 |      28 |   0.0 |  1207
           D:3 |       0 |      23 |   0.0 |       0 |       8 |   0.0 |   109
               +---------+---------+-------+---------+---------+-------+---------
